 Dungeon Sprint DCSS version 0.29-a0-512-gf59ac788ac (webtiles) character file.

Game seed: 18385600233211467929

2153 mhtbhm the Grappler (level 9, -6/85 HPs)
             Began as a White Draconian Transmuter on May 29, 2022.
             Was an Initiate of Gozag.
             Killed from afar by a manticore (15 damage)
             ... with a volley of spikes
             ... in the Dungeon (Sprint IX: "|||||||||||||||||||||||||||||").
             The game lasted 00:01:44 (848 turns).

mhtbhm the Grappler (White Draconian Transmuter)     Turns: 848, Time: 00:01:45

Health: -6/85      AC:  8    Str: 16    XL:     9   Next: 10%
Magic:  14/21      EV: 13    Int: 14    God:    Gozag
Gold:   396        SH:  0    Dex: 15    Spells: 14/24 levels left

rFire   x . .      SeeInvis .     - Unarmed
rCold   + + +      Faith    .   (shield currently unavailable)
rNeg    . . .      Spirit   .   (body armour unavailable)
rPois   +          Reflect  .   (helmet currently unavailable)
rElec   .          Harm     .   (cloak currently unavailable)
rCorr   .          Rampage  .   (gloves currently unavailable)
Will    .....      NoTele   +   (boots currently unavailable)
Stlth   +.........              (no amulet)
HPRegen 0.24/turn               j - +2 ring of protection
MPRegen 0.17/turn               k - +3 ring of dexterity

@: ice-form, spiked, gold aura, invisible
A: freezing attack, amphibious, boosted hp, (breathe frost), AC +7, large,
unfitting armour, (cold resistance 1), (cold-blooded)
a: End Transformation, Renounce Religion, Potion Petition, Call Merchant, Bribe
Branch


You were in the Dungeon.
You worshipped Gozag.
Gozag was aware of your devotion.
You were a creature of crystalline ice.
You visited 1 branch You collected 396 gold pieces.

Inventory:

Missiles
 d - 7 poisoned darts
Jewellery
 j - a +2 ring of protection (left front paw)
 k - a +3 ring of dexterity (right front paw)
Wands
 i - a wand of acid (6)
Scrolls
 g - a scroll of blinking
 h - 2 scrolls of amnesia
Potions
 a - a potion of lignification
 b - 2 potions of curing
 e - 4 potions of magic


   Skills:
 + Level 3.9 Fighting
 + Level 7.6 Dodging
 + Level 14.7 Unarmed Combat
 + Level 8.1 Spellcasting
 + Level 7.8 Transmutations
 + Level 2.9 Ice Magic
 + Level 1.3 Evocations


You had 14 spell levels left.
You knew the following spells:

 Your Spells              Type           Power      Damage    Failure   Level
a - Beastly Appendage     Tmut           54%        N/A       1%          1
b - Wereblood             Tmut           27%        N/A       1%          2
c - Spider Form           Tmut/Pois      16%        N/A       8%          3
d - Ice Form              Ice/Tmut       20%        N/A       14%         4

Your spell library contained the following spells:

 Spells                   Type           Power      Damage    Failure   Level


Dungeon Overview and Level Annotations

Branches:
Dungeon (1/1)

Altars:
Cheibriados
Dithmenos
Elyvilon
Fedhas
Gozag
Hepliaklqana
Kikubaaqudgha
Makhleb
Nemelex Xobeh
Okawaru
Qazlal
Ru
Sif Muna
Trog
Uskayaw
Vehumet
Wu Jian
Xom
Yredelemnul
Zin
The Shining One
Beogh
Jiyva
Lugonu


Innate Abilities, Weirdness & Mutations

You are a creature of crystalline ice.
You have a powerful freezing melee attack.
You are amphibious.
Your maximum health is increased.
Your armour is entirely melded.
You are incapable of wielding weapons or throwing items.
((You can breathe waves of freezing cold which knock back foes.))
((Your icy white scales are hard. (AC +7)))
You cannot fit into any form of body armour.
((Your flesh is cold resistant. (rC+)))
((You are cold-blooded and may be slowed by cold attacks.))


Message History

The tengu warrior hits you with a +0 bardiche.
The tengu warrior pecks you but does no damage.
The tengu warrior claws you but does no damage.
The green ugly thing is distracted by your dazzling golden aura.
You catch the helpless tengu warrior completely off-guard!
You pummel the tengu warrior!! You freeze the tengu warrior!
The tengu warrior is almost dead.
The tengu warrior misses you.
The tengu warrior pecks you but does no damage.
The tengu warrior claws you but does no damage.
You barely miss the tengu warrior.
The tengu warrior is almost dead.
The green ugly thing is no longer distracted by gold.
You barely miss the tengu warrior.
The tengu warrior is almost dead.
The tengu warrior misses you. x2
The tengu warrior claws you but does no damage.
You barely miss the tengu warrior.
The tengu warrior is almost dead.
The tengu warrior hits you with a +0 bardiche!!
* * * LOW HITPOINT WARNING * * *
The tengu warrior pecks you but does no damage.
The tengu warrior claws you but does no damage.
You hit the tengu warrior. You freeze the tengu warrior.
The tengu warrior is almost dead.
The tengu warrior hits you with a +0 bardiche!!
* * * LOW HITPOINT WARNING * * *
The tengu warrior closely misses you.
The tengu warrior claws you but does no damage.
Unknown command.
You catch the helpless tengu warrior completely off-guard!
You punch the tengu warrior! You freeze the tengu warrior.
You feel a bit better.
You kill the tengu warrior!
Your primal bloodlust has ended.
The manticore flicks its tail.
The volley of spikes hits you!
The barbed spikes become lodged in your body.
You die...
Your body crumbles into a pile of gold.

$
▓)▓
$
▓.▓
▓[▓
$
▓[▓
▓[▓
$
▓.▓
▓.▓
$
▓)▓
▓Y▓
$
▓$▓
$
▓H▓
$ $
▓u▓
$
▓.▓
$
▓.▓
▓'▓
▓$▓
▓H▓


You could see a green ugly thing (can't see you) and a manticore (can't see you,
corroded).

Vanquished Creatures
  A centaur warrior (D)
  A two-headed ogre (D)
  A tengu warrior (D)
  A troll (D)
  A yak (D)
  A vampire (D)
  An orc warrior (D)
  An ice beast (D)
  A kobold brigand (D)
  A necrophage (D)
  A scorpion (D)
  A wight (D)
  A howler monkey (D)
  An orc wizard (D)
  An adder (D)
  A ball python (D)
  An endoplasm (D)
  A hobgoblin (D)
  A bat (D)
  A kobold (D)
20 creatures vanquished.

Notes
Turn   | Place    | Note
-------+----------+-------------------------------------------
     0 | D        | mhtbhm the Draconian Transmuter began the quest for the
                  | Orb.
     0 | D        | Reached XP level 1. HP: 16/16 MP: 3/3
     9 | D        | Reached skill level 4 in Unarmed Combat
    81 | D        | Noticed an ice beast
    81 | D        | Noticed a scorpion
    81 | D        | Noticed a howler monkey
    81 | D        | Noticed a necrophage
    91 | D        | Killed an ice beast
    92 | D        | Reached skill level 7 in Unarmed Combat
    92 | D        | Reached XP level 2. HP: 9/23 MP: 2/6
    92 | D        | Reached XP level 3. HP: 12/28 MP: 2/8
    92 | D        | Reached XP level 4. HP: 14/35 MP: 2/9
    92 | D        | Killed a scorpion
    93 | D        | Reached skill level 8 in Unarmed Combat
    93 | D        | Reached XP level 5. HP: 17/40 MP: 2/11
   102 | D        | Reached skill level 9 in Unarmed Combat
   102 | D        | Reached skill level 5 in Spellcasting
   354 | D        | Learned a level 2 spell: Wereblood
   358 | D        | Learned a level 3 spell: Spider Form
   363 | D        | Learned a level 4 spell: Ice Form
   468 | D        | Found a snail-covered altar of Cheibriados.
   468 | D        | Found a shadowy altar of Dithmenos.
   468 | D        | Found a white marble altar of Elyvilon.
   468 | D        | Found a blossoming altar of Fedhas.
   468 | D        | Found an opulent altar of Gozag.
   469 | D        | Found a hazy altar of Hepliaklqana.
   470 | D        | Found a viscous altar of Jiyva.
   471 | D        | Found an ancient bone altar of Kikubaaqudgha.
   472 | D        | Found a corrupted altar of Lugonu.
   473 | D        | Found a burning altar of Makhleb.
   474 | D        | Found a sparkling altar of Nemelex Xobeh.
   475 | D        | Found an iron altar of Okawaru.
   476 | D        | Became a worshipper of Gozag Ym Sagoz the Greedy
   477 | D        | Found a stormy altar of Qazlal.
   478 | D        | Found a sacrificial altar of Ru.
   479 | D        | Found a shimmering blue altar of Sif Muna.
   480 | D        | Found a bloodstained altar of Trog.
   481 | D        | Found a hide-covered altar of Uskayaw.
   482 | D        | Found a radiant altar of Vehumet.
   483 | D        | Found an ornate altar of the Wu Jian Council.
   484 | D        | Found a shimmering altar of Xom.
   485 | D        | Found a basalt altar of Yredelemnul.
   486 | D        | Found a glowing silver altar of Zin.
   487 | D        | Found a glowing golden altar of the Shining One.
   495 | D        | Found the +12 glaive of Prune {vorpal}
   517 | D        | Noticed a yak
   517 | D        | Noticed a vampire
   517 | D        | Noticed an orc warrior
   521 | D        | Killed a yak
   522 | D        | Reached skill level 5 in Dodging
   522 | D        | Reached skill level 10 in Unarmed Combat
   522 | D        | Reached skill level 5 in Transmutations
   522 | D        | Reached XP level 6. HP: 50/50 MP: 4/14
   528 | D        | Killed a vampire
   529 | D        | Reached skill level 11 in Unarmed Combat
   529 | D        | Your scales start taking on an icy white colour.
   529 | D        | Reached XP level 7. HP: 40/56 MP: 5/16
   529 | D        | Gained mutation: Your flesh is cold resistant. (rC+) [White
                  | Draconian growth]
   537 | D        | Reached skill level 12 in Unarmed Combat
   539 | D        | Reached skill level 1 in Ice Magic
   817 | D        | Noticed a centaur warrior
   817 | D        | Noticed a two-headed ogre
   817 | D        | Noticed a tengu warrior
   817 | D        | Noticed a manticore
   817 | D        | Noticed a troll
   817 | D        | Noticed a green ugly thing
   826 | D        | Killed a centaur warrior
   827 | D        | Reached skill level 13 in Unarmed Combat
   827 | D        | Reached XP level 8. HP: 26/63 MP: 11/19
   827 | D        | Killed a troll
   828 | D        | Reached skill level 14 in Unarmed Combat
   828 | D        | Reached skill level 1 in Evocations
   829 | D        | Killed a two-headed ogre
   830 | D        | Reached XP level 9. HP: 18/71 MP: 11/21
   832 | D        | HP: 4/85 [tengu warrior/+0 bardiche (25)]
   848 | D        | Killed a tengu warrior
   848 | D        | Killed from afar by a manticore

Illustrated notes

Levels and vault maps discovered:
D:        linesprint [early_d, line_temple, items_1, d_10, items_2, lair_1,
          lair_end, items_3, orc_1, orc_end, items_4, d_15, swamp_1, shoals_1,
          snake_1, spider_1, d_20, vaults_1, items_5, swamp_end, shoals_end,
          snake_end, spider_end, vaults_end, d_27, items_6, zot_1, zot_end,
          crypt_end, forest_end, elf_end, slime_end, tomb_end, abyss_end,
          pan_hell_end]

Skill      XL: |  1  2  3  4  5  6  7  8 |
---------------+-------------------------+-----
Dodging        | 3 4 5 6 7 |  7.6
Unarmed Combat | 7 8 10 11 13 14 | 14.7
Spellcasting   | 3 4 5 6 7 8 |  8.1
Transmutations | 3 5 7 |  7.8
Fighting       | 2 3 |  3.9
Ice Magic      | 2 |  2.9
Evocations     | 1 |  1.3

Action                   |  1- 3 |  4- 6 |  7- 9 || total
-------------------------+-------+-------+-------++-------
Melee: Unarmed           |    12 |    16 |    24 ||    52
       Kick              |     4 |     3 |       ||     7
       Headbutt          |     3 |       |       ||     3
       Punch             |     1 |       |       ||     1
 Cast: Beastly Appendage |     2 |       |       ||     2
       Ice Form          |       |     1 |     1 ||     2
       Wereblood         |       |     1 |     1 ||     2
Evoke: Wand              |       |       |     4 ||     4
  Use: Potion            |     2 |     1 |     6 ||     9
       Scroll            |       |       |     1 ||     1
 Stab: Invisible         |       |       |     2 ||     2
Armor: Skin              |     4 |     1 |    16 ||    21
Dodge: Dodged            |     5 |     6 |    22 ||    33

Table legend: (Time is in decaauts)
 A = Elapsed time spent in this place.
 B = Non-inter-level travel time spent in this place.
 C = Inter-level travel time spent in this place.
 D = Time resting spent in this place.
 E = Time spent auto-exploring this place.
 F = Levels seen in this place.
 G = Mean time per level.
                   A        B        C        D        E       F      G
               +--------+--------+--------+--------+--------+-----+--------+
         Total |    827 |    827 |      0 |    654 |      0 |   1 |  827.0 |
       Dungeon |    827 |    827 |      0 |    654 |      0 |   1 |  827.0 |
               +--------+--------+--------+--------+--------+-----+--------+

Top non-repeatable levels by time:
       D: 827 daAuts
